 Dungeon Crawl Stone Soup version 0.20.1-1-g8b1a95d (console) character file.

92 rafael the Sneak (level 4, -2/36 HPs)
             Began as a Deep Dwarf Fire Elementalist on Aug 29, 2017.
             Slain by a gnoll (8 damage)
             ... on level 2 of the Dungeon.
             The game lasted 00:04:47 (1287 turns).

rafael the Sneak (Deep Dwarf Fire Elementalist)     Turns: 1287, Time: 00:04:48

Health: -2/36      AC:  2    Str: 11    XL:     4   Next: 35%
Magic:  12/15      EV: 12    Int: 17    God:
Gold:   113        SH:  0    Dex: 13    Spells: 2/6 levels left

rFire    . . .     SeeInvis .   a - +0 short sword
rCold    . . .     Gourm    .   (no shield)
rNeg     . . .     Faith    .   k - +0 robe
rPois    .         Spirit   .   (no helmet)
rElec    .         Reflect  .   (no cloak)
rCorr    .         Harm     .   (no gloves)
MR       .....                  (no boots)
Stlth    +++.......             f - amulet of magic regeneration
Regen    0.0/turn               h - ring of magical power
MPRegen  0.3/turn               (no ring)

@: very slightly contaminated, non-regenerating
A: damage resistance, heal wounds, sense surroundings 1, no regeneration
a: Heal Wounds


You were on level 2 of the Dungeon.
You were not hungry.

You visited 1 branch of the dungeon, and saw 2 of its levels.

You collected 113 gold pieces.

Inventory:

Hand Weapons
 a - a +0 short sword (weapon)
 e - a +0 dagger
Armour
 d - a +0 leather armour
 k - a +0 robe (worn)
Jewellery
 f - an amulet of magic regeneration (around neck)
 h - a ring of magical power (left hand)
 p - an uncursed amulet of faith {unknown}
Scrolls
 g - 2 scrolls of enchant weapon {unknown}
 j - a scroll of teleportation {unknown}
 m - a scroll of recharging {unknown}
 n - 2 scrolls of remove curse
 o - a scroll of random uselessness {unknown}
Potions
 q - a potion of flight
Books
 b - a book of Flames

   Spells                             Type                      Level
   a - Flame Tongue                   Conjuration/Fire             1
   b - Throw Flame                    Conjuration/Fire             2
   c - Conjure Flame                  Conjuration/Fire             3
   d - Inner Flame                    Hexes/Fire                   3
   e - Sticky Flame                   Conjuration/Fire             4
   f - Fireball                       Conjuration/Fire             5
Comestibles
 c - 2 bread rations
 i - 2 royal jellies
 l - 2 chunks of flesh


   Skills:
 - Level 2.1 Dodging
 + Level 4.1 Stealth
 - Level 1.7 Spellcasting
 + Level 2.1 Conjurations
 + Level 3.4 Fire Magic


You had 2 spell levels left.
You knew the following spells:

 Your Spells              Type           Power        Failure   Level  Hunger
a - Flame Tongue          Conj/Fire      ##...        6%          1    #......
b - Conjure Flame         Conj/Fire      ##......     19%         3    ###....


Dungeon Overview and Level Annotations

Branches:
Dungeon (2/15)

Altars:
Ashenzari
Qazlal


Innate Abilities, Weirdness & Mutations

You are resistant to damage.
You can heal yourself by infusing magical energy.
You passively map a small area around you.
You do not regenerate.


Message History

Aim: a gnoll You miscast Flame Tongue.
You are very lightly contaminated with residual magic.
Lukewarm flames ripple over your body.
Casting: Flame Tongue
Confirm with . or Enter, or press ? or * to list all spells.
Aiming: Flame Tongue
Press: ? - help, Shift-Dir - straight line, f/p - gnoll
Aim: a gnoll The flame tongue hits the gnoll.
The gnoll is lightly wounded.
Casting: Flame Tongue
Confirm with . or Enter, or press ? or * to list all spells.
Aiming: Flame Tongue
Press: ? - help, Shift-Dir - straight line, f/p - gnoll
Aim: a gnoll (lightly wounded)
The flame tongue hits the gnoll.
The gnoll appears unharmed.
The gnoll is lightly wounded.
The gnoll hits you!
You die...

#......##.###.##.#.#.......#
#...##.##.#......#.###.###.#
..((......#....###.#....§#,
........###....# #[#.....#.
..........#....# #...._....#
.......#..#....###.#.....###
.......#..#.....##.#§...§#
..........#.#...#..###.###
.<........#...gg@<...#.#
(..........##.#####....#
...........g......#...##
####+#..g#.##.###.#.#.#
.........#..#.#.......#
....<....##.#.#.#######
.......g.##...#.##....#
...........#..#....##>#
...#....†..#..#.#####.#


You could see a gnoll and a hobgoblin.

Vanquished Creatures
  3 adders (D:2)
  2 gnolls (D:2)
  3 leopard geckos
  4 bats
  A giant cockroach (D:2)
  8 goblins
  4 hobgoblins
  3 jackals (D:1)
  4 frilled lizards (D:2)
  6 kobolds
  6 rats
44 creatures vanquished.

Notes
Turn   | Place    | Note
-------+----------+-------------------------------------------
     0 | D:1      | rafael the Deep Dwarf Fire Elementalist began the quest for the Orb.
     0 | D:1      | Reached XP level 1. HP: 15/15 MP: 3/3
    12 | D:1      | Reached skill level 1 in Conjurations
   241 | D:1      | Reached XP level 2. HP: 22/22 MP: 4/4
   451 | D:2      | Reached skill level 3 in Stealth
   464 | D:2      | Reached XP level 3. HP: 25/28 MP: 5/5
   506 | D:2      | Found a shattered altar of Ashenzari.
   547 | D:2      | Found a stormy altar of Qazlal.
   988 | D:2      | Learned a level 3 spell: Conjure Flame
  1190 | D:2      | Reached skill level 4 in Stealth
  1190 | D:2      | Reached XP level 4. HP: 19/36 MP: 6/6
  1287 | D:2      | Slain by a gnoll

Skill      XL: |  1  2  3 |
---------------+----------+-----
Conjurations   | 1 2 |  2.1
Fire Magic     | 3 |  3.4
Stealth        | 3 4 |  4.1
Dodging        | |  2.1
Spellcasting   | |  1.7

Action                   |  1- 3 |  4- 6 || total
-------------------------+-------+-------++-------
Melee: Short sword       |     8 |       ||     8
 Cast: Flame Tongue      |    79 |    16 ||    95
  Use: Scroll            |     3 |       ||     3
  Eat: Chunk             |     2 |     1 ||     3
Armor: Robe              |     6 |       ||     6
Dodge: Dodged            |    31 |     2 ||    33
